 Dungeon Crawl Stone Soup version 0.21.1-1-g345015fe64 (webtiles) character file.

107988 Lentor the Minotaur Blade (level 16, 0/155 HPs)
             Began as a Minotaur Berserker on June 21, 2018.
             Was an Elder of Trog.
             Killed by the air
             ... invoked by a spriggan air mage
             ... led by the Enchantress
              (1 damage)
             ... on level 1 of the Depths.
             The game lasted 01:10:50 (25502 turns).

Lentor the Minotaur Blade (Minotaur Berserker)     Turns: 25502, Time: 01:10:51

Health: 0/155      AC: 30    Str: 27    XL:     16   Next: 1%
Magic:  15/15      EV: 10    Int:  5    God:    Trog [****..]
Gold:   2208       SH:  0    Dex: 14    Spells: 15/15 levels left

rFire    . . .     SeeInvis +   G - +6 great sword (protect)
rCold    . . .     Gourm    .   (shield currently unavailable)
rNeg     + . .     Faith    .   u - +6 plate armour
rPois    .         Spirit   .   (helmet unavailable)
rElec    .         Reflect  +   s - scarf {cloud immunity}
rCorr    .         Harm     .   I - +1 pair of gloves {Dex+3}
MR       ++...                  N - +2 pair of boots of the Assassin {Detection Stab+ Stlth++}
Stlth    ..........             h - +3 amulet of reflection
HPRegen  0.75/turn              g - ring of see invisible
MPRegen  0.14/turn              y - ring of positive energy

@: confused, lethally poisoned (0 -> -1), berserk cooldown, hasted and slowed
A: retaliatory headbutt, horns 3, magic resistance 1, sense surroundings 1,
regeneration 1
a: Berserk, Trog's Hand, Brothers in Arms, Burn Spellbooks, Renounce Religion


You were on level 1 of the Depths.
You worshipped Trog.
Trog was greatly pleased with you.
You were near starving.

You visited 5 branches of the dungeon, and saw 25 of its levels.
You also visited: Sewer and Bailey.

You collected 2427 gold pieces.
You spent 219 gold pieces at shops.

Inventory:

Hand Weapons
 k - a +1 triple sword of freezing
 G - a +6 great sword of protection (weapon)
Missiles
 x - 73 tomahawks of returning (quivered)
Armour
 s - a scarf of cloud immunity (worn)
 u - a +6 plate armour (worn)
 I - a +1 pair of gloves of dexterity (worn)
 N - the +2 pair of boots of the Assassin (worn) {Detection Stab+ Stlth++}
   (You found it on level 2 of the Lair of Beasts)

   It makes you much more stealthy.
Jewellery
 g - a ring of see invisible (left hand)
 h - a +3 amulet of reflection (around neck)
 y - a ring of positive energy (right hand)
 V - an uncursed amulet of regeneration
Wands
 n - a wand of random effects (135)
 o - a wand of paralysis (22)
 p - a wand of flame (36)
 q - a wand of iceblast (8)
 t - a wand of polymorph (23)
 D - a wand of digging (12)
 E - a wand of disintegration (17)
 K - a wand of acid (8)
 Q - a wand of enslavement (13)
Scrolls
 d - 17 scrolls of teleportation
 i - a scroll of fear
 l - 10 scrolls of identify
 m - 6 scrolls of magic mapping
 z - 4 scrolls of remove curse
 B - 2 scrolls of holy word
 H - 2 scrolls of fog
 L - a scroll of enchant armour
 R - a scroll of brand weapon
 T - a scroll of vulnerability
Potions
 a - a potion of berserk rage
 b - 10 potions of magic
 e - 11 potions of curing
 f - 3 potions of might
 j - 3 potions of heal wounds
 r - 3 potions of haste
 v - a potion of invisibility
 w - 3 potions of lignification
 A - 5 potions of brilliance
 F - 3 potions of flight
 M - 2 potions of resistance
 O - a potion of cancellation
Miscellaneous
 J - a lamp of fire
Comestibles
 c - 7 chunks of flesh
 C - 38 rations


   Skills:
 + Level 17.0 Fighting
 + Level 21.5 Long Blades
 + Level 3.6 Throwing
 + Level 16.7 Armour
 - Level 3.6 Dodging
 - Level 1.5 Stealth
 - Level 1.1 Unarmed Combat


You had 15 spell levels left.
You didn't know any spells.

Dungeon Overview and Level Annotations

Branches:
Dungeon (15/15)            Temple (1/1) D:6            Lair (6/6) D:10
  Swamp (0/4) Lair:4        Snake (0/4) Lair:2        Slime (0/5) Lair:6
    Orc (2/2) D:11            Elf (0/3) Orc:2        Vaults (0/5) D:13
 Depths (1/5) D:15

Altars:
Ashenzari
Cheibriados
Dithmenos
Elyvilon
Fedhas
Gozag
Hepliaklqana
Kikubaaqudgha
Makhleb
Nemelex Xobeh
Okawaru
Qazlal
Ru
Sif Muna
Trog
Uskayaw
Vehumet
Wu Jian
Xom
Yredelemnul
Zin
The Shining One

Shops:
D:10 =   D:14 *   Orc:2 *(?:

Portals:
Pandemonium: Orc:2

Annotations:
D:10 exclusion: orange crystal statue
Depths:1 the Enchantress


Innate Abilities, Weirdness & Mutations

You reflexively headbutt those who attack you in melee.
You have a pair of large horns on your head.
You are resistant to hostile enchantments. (MR+)
You passively map a small area around you.
Your natural rate of healing is unusually fast.


Message History

The spriggan defender hits you but does no damage.
Unknown command.
You feel much better.
You feel sick.
The spriggan berserker hits you with a flail!!
* * * LOW HITPOINT WARNING * * *
The spriggan defender closely misses you.
The spriggan berserker prays to Trog.
The elephant goes berserk!
The ettin hits you with a dire flail!
* * * LOW HITPOINT WARNING * * *
The ettin completely misses you.
The spriggan air mage waves its arms in wide circles.
The air twists around and strikes you!
* * * LOW HITPOINT WARNING * * *
The elephant tramples you but does no damage.
The elephant barely misses you.
The spriggan defender hits you with a rapier of electrocution.
* * * LOW HITPOINT WARNING * * *
The spriggan air mage waves its arms in wide circles.
The air twists around and strikes you!
You die...

* #....##** ,
#..T.T## * ,
##......## *
##.#.)#..i#####
#.....Y...T....
*
+.....h.......
* * *
#...iiii......
,
*#T..iYCh...###
#...ii@iG..# ,
#....i.....# ,
#..........# ,,
, #..........#
#..........#
#..........# ,
#######+##.+ ,
* ##


You could see the Enchantress (invisible), an iron troll (fleeing), 2 elephants,
2 spriggan defenders, an ettin, a spriggan rider (fleeing), a glowing orange
brain, 2 deep trolls, 2 spriggan berserkers, 2 spriggan air magi, a deep troll
earth mage (fleeing), 2 polar bears and 2 spriggans.

Vanquished Creatures
  A stone giant (Depths:1)
  The ghost of Brecoman the Protected, a journeyman FoFi of Okawaru (Orc:1)
  2 ice dragons
  A rakshasa (D:11)
  4 hydras
  4 centaur warriors
  A catoblepas (Lair:6)
  7 two-headed ogres
  3 ogre magi
  6 death yaks (Lair:6)
  A deep troll earth mage (Depths:1)
  3 deep troll shamans (Depths:1)
  Urug (D:15)
  4 slime creatures
  An orc high priest (Orc:2)
  An iron troll (Depths:1)
  5 skeletal warriors (D:14)
  2 swamp dragons (Lair:2)
  A wizard (D:13)
  A deep troll (Depths:1)
  Pikel (D:8)
  A necromancer (D:13)
  An orc knight (D:15)
  3 orc sorcerers
  2 manticores
  18 ugly things
  2 centaur zombies
  3 cyclopes
  A manticore (shapeshifter) (D:15)
  5 black mambas
  11 elephants
  A rust devil (Orc:2)
  A gargoyle (D:14)
  17 spiny frogs
  3 centaur skeletons
  3 kobold demonologists
  A yaktaur (D:15)
  2 rime drakes
  A rime drake (shapeshifter) (D:15)
  6 komodo dragons
  2 tengu conjurers (D:15)
  2 polar bears (Lair:6)
  5 hornets
  3 trolls
  The ghost of EnergyMaker the Grave Robber, an amateur DsNe (D:4)
  6 dream sheep (Lair:6)
  12 hippogriffs
  3 blink frogs (Lair:6)
  A vampire (D:14)
  10 spriggans (Lair:6)
  4 shadows
  9 wyverns
  A hungry ghost (D:11)
  A yak (shapeshifter) (D:14)
  Eustachio (D:5)
  9 basilisks
  28 yaks
  2 water elementals (D:15)
  3 hogs (D:8)
  5 humans
  Menkaure (D:7)
  10 vampire mosquitoes
  4 wargs
  5 swamp worms (Lair:4)
  A soldier ant (D:15)
  9 porcupines
  12 water moccasins
  An acid dragon (D:15)
  24 orc warriors
  3 sky beasts
  5 necrophages (Lair:5)
  An eye of draining (D:15)
  5 ice beasts
  3 phantoms
  4 black bears
  10 ogres
  18 wolves
  7 centaurs
  4 boggarts (Lair:6)
  10 crocodiles
  2 big kobolds
  22 bullfrogs
  3 scorpions
  12 killer bees
  A vampire bat (Lair:2)
  3 wights (D:6)
  12 howler monkeys
  2 electric eels
  8 crimson imps
  3 bullfrog zombies
  5 hounds
  A quasit (D:12)
  4 jellies
  18 orc priests
  23 orc wizards
  3 bullfrog skeletons
  Jessica (D:2)
  13 worker ants
  5 hell rats (Lair:4)
  A hound skeleton (D:4)
  A worker ant zombie (D:10)
  16 gnolls
  20 adders
  4 shadow imps
  2 oozes (D:4)
  An adder zombie (D:6)
  An adder skeleton (D:5)
  2 worms
  10 leopard geckos
  75 orcs
  14 bats
  8 giant cockroaches
  11 goblins
  11 hobgoblins
  33 jackals
  38 kobolds
  5 quokkas
  3 ball pythons (Sewer)
  9 frilled lizards
  A leopard gecko skeleton (D:5)
  A leopard gecko zombie (D:6)
  A quokka skeleton (D:5)
  7 rats
  A plant (Sewer)
795 creatures vanquished.

Vanquished Creatures (collateral kills)
  Roxanne (D:14)
  A spriggan defender (Depths:1)
  The ghost of Peloso the Carver, a journeyman DsFi of Okawaru (Orc:2)
  A hydra (Lair:6)
  4 vault guards (D:13)
  A centaur warrior (D:15)
  2 two-headed ogres (Orc:2)
  9 orc high priests (Orc:2)
  A swamp dragon (Lair:2)
  3 torturous demonspawn (Orc:2)
  4 orc knights (Orc:2)
  4 necromancers (D:13)
  An orc sorcerer (Orc:2)
  3 ugly things (D:15)
  A rust devil (Orc:2)
  2 black mambas (Lair:2)
  2 hellwings (Orc:2)
  A polar bear (Lair:6)
  A dream sheep (Lair:6)
  A blink frog (Lair:6)
  2 spriggans (Lair:6)
  2 wyverns (Lair:5)
  5 yaks (Lair:6)
  3 basilisks
  11 humans (D:13)
  A water moccasin (Lair:6)
  7 orc warriors (Orc:2)
  An ogre (Orc:2)
  2 wolves (Lair:6)
  A crocodile (Lair:6)
  3 centaurs (D:15)
  6 orc priests (Orc:2)
  An orc wizard (Orc:2)
  10 orcs (Orc:2)
99 creatures vanquished.

Vanquished Creatures (others)
  5 dream sheep (Lair:2)
  A slave (D:8)
  A shadow imp (D:9)
  2 orcs (D:9)
  5 fungi
  8 plants
22 creatures vanquished.

Grand Total: 916 creatures vanquished

Notes
Turn   | Place    | Note
-------+----------+-------------------------------------------
     0 | D:1      | Lentor the Minotaur Berserker began the quest for the Orb.
     0 | D:1      | Reached XP level 1. HP: 19/19 MP: 0/0
   168 | D:1      | Reached XP level 2. HP: 19/27 MP: 1/1
   169 | D:1      | Reached skill level 4 in Long Blades
   488 | D:1      | Reached ** piety under Trog
   802 | D:1      | Reached XP level 3. HP: 33/33 MP: 2/2
  1316 | D:2      | Noticed Jessica
  1321 | D:2      | Killed Jessica
  1321 | D:2      | Reached XP level 4. HP: 41/41 MP: 3/3
  1621 | D:2      | Reached skill level 5 in Long Blades
  1658 | D:2      | Found a deep blue altar of Sif Muna.
  1906 | D:3      | Found a radiant altar of Vehumet.
  1967 | D:3      | Reached *** piety under Trog
  2042 | D:3      | Reached skill level 1 in Stealth
  2042 | D:3      | Reached XP level 5. HP: 34/47 MP: 4/4
  2497 | D:3      | Reached skill level 6 in Long Blades
  2511 | D:3      | Reached skill level 5 in Fighting
  2513 | D:3      | Reached XP level 6. HP: 40/56 MP: 5/5
  3294 | D:4      | Found a glowing drain.
  3453 | Sewer    | Entered a sewer
  3468 | Sewer    | Reached **** piety under Trog
  4135 | D:4      | Noticed EnergyMaker's ghost (amateur DsNe)
  4151 | D:4      | Killed EnergyMaker's ghost
  4151 | D:4      | Reached skill level 7 in Long Blades
  4151 | D:4      | Reached XP level 7. HP: 23/61 MP: 6/6
  4502 | D:4      | Reached skill level 5 in Armour
  4878 | D:4      | Found an ornate altar of the Wu Jian Council.
  4999 | D:4      | Found a shadowy altar of Dithmenos.
  5040 | D:5      | Entered Level 5 of the Dungeon
  5152 | D:5      | Found a hazy altar of Hepliaklqana.
  5227 | D:5      | Noticed Eustachio
  5246 | D:5      | Killed Eustachio
  5246 | D:5      | Reached skill level 8 in Long Blades
  5246 | D:5      | Reached XP level 8. HP: 70/70 MP: 7/7
  5485 | D:5      | Found a sacrificial altar of Ru.
  5750 | D:5      | Reached skill level 1 in Unarmed Combat
  6020 | D:6      | Found a stormy altar of Qazlal.
  6669 | D:6      | Reached skill level 9 in Long Blades
  6822 | D:6      | Reached ***** piety under Trog
  6873 | D:6      | Found a staircase to the Ecumenical Temple.
  6879 | Temple   | Entered the Ecumenical Temple
  7343 | D:7      | Noticed Menkaure
  7351 | D:7      | Killed Menkaure
  7351 | D:7      | Reached XP level 9. HP: 45/78 MP: 8/8
  7412 | D:7      | Found a flagged portal.
  7417 | D:7      | Received a gift from Trog
  7447 | Bailey   | Entered a bailey
  7885 | Bailey   | Reached skill level 10 in Long Blades
  9141 | D:8      | Noticed Pikel
  9158 | D:8      | Killed Pikel
  9158 | D:8      | Reached skill level 11 in Long Blades
  9158 | D:8      | Reached skill level 1 in Throwing
  9175 | D:8      | Noticed a manticore
  9186 | D:8      | Killed a manticore
  9186 | D:8      | Reached skill level 10 in Armour
  9186 | D:8      | Reached XP level 10. HP: 46/88 MP: 9/9
 10390 | D:9      | Found a shattered altar of Ashenzari.
 10498 | D:9      | Reached skill level 12 in Long Blades
 10537 | D:9      | Identified a scroll of acquirement
 10548 | D:9      | Gained mutation: Scrolls take you a little longer to read. [potion of mutation]
 10548 | D:9      | Gained mutation: Your flesh is cold resistant. (rC+) [potion of mutation]
 10549 | D:9      | Lost mutation: Scrolls take you a little longer to read. [potion of mutation]
 10549 | D:9      | Lost mutation: Your flesh is cold resistant. (rC+) [potion of mutation]
 10549 | D:9      | Gained mutation: You are weak. (Str -2) [potion of mutation]
 10549 | D:9      | Gained mutation: You occasionally shout uncontrollably at your foes. [potion of mutation]
 10549 | D:9      | Gained mutation: You are partially covered in yellow scales. (AC +2) [potion of mutation]
 10755 | D:8      | Lost mutation: You are weak. (Str -2) [potion of mutation]
 10755 | D:8      | Gained mutation: You passively map a small area around you. [potion of mutation]
 10755 | D:8      | Gained mutation: You sometimes yell uncontrollably at your foes. [potion of mutation]
 10755 | D:8      | Gained mutation: Your natural rate of healing is unusually fast. [potion of mutation]
 10760 | D:9      | Received a gift from Trog
 10797 | D:9      | Found a sparkling altar of Nemelex Xobeh.
 10807 | D:9      | Lost mutation: You are partially covered in yellow scales. (AC +2) [potion of mutation]
 10807 | D:9      | Lost mutation: You sometimes yell uncontrollably at your foes. [potion of mutation]
 10807 | D:9      | Lost mutation: You occasionally shout uncontrollably at your foes. [potion of mutation]
 10807 | D:9      | Lost mutation: Your natural rate of healing is unusually fast. [potion of mutation]
 10807 | D:9      | Gained mutation: You have a pair of large horns on your head. [potion of mutation]
 10807 | D:9      | Gained mutation: Your natural rate of healing is unusually fast. [potion of mutation]
 10807 | D:9      | Gained mutation: You are resistant to hostile enchantments. (MR+) [potion of mutation]
 11132 | D:9      | Reached XP level 11. HP: 92/97 MP: 10/10
 11472 | D:9      | Reached skill level 13 in Long Blades
 11518 | D:10     | Entered Level 10 of the Dungeon
 11522 | D:10     | Noticed an orange crystal statue
 11721 | D:10     | Noticed a two-headed ogre
 11726 | D:10     | Killed a two-headed ogre
 12003 | D:10     | Found Ococuqen's Jewellery Emporium.
 12023 | D:10     | Bought a +3 amulet of reflection for 219 gold pieces
 12051 | D:10     | Found a staircase to the Lair.
 12734 | D:11     | Noticed a brown ugly thing
 12735 | D:11     | Noticed a rakshasa
 12746 | D:11     | Killed a brown ugly thing
 12787 | D:11     | Killed a rakshasa
 12787 | D:11     | Reached skill level 10 in Fighting
 12787 | D:11     | Reached skill level 14 in Long Blades
 12976 | D:11     | Received a gift from Trog
 13162 | D:11     | Found a staircase to the Orcish Mines.
 13547 | D:12     | Noticed a purple ugly thing
 13558 | D:12     | Killed a purple ugly thing
 13595 | D:12     | Received a gift from Trog
 13857 | D:12     | Reached XP level 12. HP: 108/108 MP: 11/11
 13920 | D:12     | Noticed a four-headed hydra
 13924 | D:12     | Killed a seven-headed hydra
 13924 | D:12     | Reached skill level 15 in Long Blades
 14084 | D:12     | Noticed an eight-headed hydra
 14093 | D:12     | Killed a 12-headed hydra
 14540 | D:13     | Found a gate to the Vaults.
 14540 | D:13     | Noticed a vault guard
 14540 | D:13     | Noticed a vault guard
 14540 | D:13     | Noticed a vault guard
 14540 | D:13     | Noticed a vault guard
 14541 | D:13     | Killed a vault guard
 14544 | D:13     | Reached skill level 16 in Long Blades
 14544 | D:13     | Killed a vault guard
 14546 | D:13     | Killed a vault guard
 14549 | D:13     | Killed a vault guard
 14747 | D:13     | Noticed a centaur warrior
 14757 | D:13     | Killed a centaur warrior
 15307 | Orc:1    | Entered Level 1 of the Orcish Mines
 15342 | Orc:1    | Noticed Brecoman's ghost (journeyman FoFi)
 15356 | Orc:1    | Killed Brecoman's ghost
 15490 | Orc:1    | Noticed a two-headed ogre
 15495 | Orc:1    | Killed a two-headed ogre
 15674 | Orc:1    | Reached skill level 17 in Long Blades
 15969 | Orc:2    | Entered Level 2 of the Orcish Mines
 16000 | Orc:2    | Reached XP level 13. HP: 118/118 MP: 12/12
 16161 | Orc:2    | Received a gift from Trog
 16170 | Orc:2    | Found Lomamm's General Store.
 16171 | Orc:2    | Found Feogug's Magic Scroll Boutique.
 16182 | Orc:2    | Noticed Peloso's ghost (journeyman DsFi)
 16186 | Orc:2    | Killed Peloso's ghost
 16464 | Orc:2    | Reached skill level 18 in Long Blades
 16554 | Orc:2    | Found Meriyng's Antique Weapon Shoppe.
 16554 | Orc:2    | Found Etinee's Book Emporium.
 16554 | Orc:2    | Found a one-way gate leading to the halls of Pandemonium.
 16770 | Orc:2    | Received a gift from Trog
 16950 | Orc:2    | Found a staircase to the Elven Halls.
 17447 | Lair:1   | Entered Level 1 of the Lair of Beasts
 18337 | Lair:2   | Found a transporter.
 18340 | Lair:2   | Found the +2 pair of boots of the Assassin {Detection Stab+ Stlth++}
 18353 | Lair:2   | Found a shimmering altar of Xom.
 18429 | Lair:2   | Found a transporter.
 18452 | Lair:2   | Reached skill level 15 in Armour
 18540 | Lair:2   | Got an iridescent lajatang
 18570 | Lair:2   | Found a staircase to the Snake Pit.
 18935 | Lair:2   | Reached XP level 14. HP: 123/129 MP: 13/13
 19573 | Lair:3   | Reached skill level 19 in Long Blades
 20717 | Lair:4   | Found a staircase to the Swamp.
 21943 | Lair:6   | Entered Level 6 of the Lair of Beasts
 22047 | Lair:6   | Reached skill level 20 in Long Blades
 22150 | Lair:6   | Received a gift from Trog
 22616 | Lair:6   | Received a gift from Trog
 22678 | Lair:6   | Reached skill level 15 in Fighting
 22713 | Lair:6   | Reached XP level 15. HP: 129/141 MP: 14/14
 22849 | Lair:6   | Found a staircase to the Slime Pits.
 23477 | D:14     | Found a snail-covered altar of Cheibriados.
 23532 | D:14     | Received a gift from Trog
 23690 | D:14     | Noticed Roxanne
 23849 | D:14     | Found Daefonir's General Store.
 23915 | D:14     | Reached skill level 21 in Long Blades
 24100 | D:14     | Killed Roxanne
 24101 | D:14     | Identified Roxanne's Collected Works on Shape Shifting (You took it off Roxanne on level 14 of the Dungeon)
 24165 | D:15     | Entered Level 15 of the Dungeon
 24360 | D:15     | Received a gift from Trog
 24540 | D:15     | Found a staircase to the Depths.
 24979 | D:15     | Noticed Urug
 24989 | D:15     | Killed Urug
 25319 | Depths:1 | Entered Level 1 of the Depths
 25489 | Depths:1 | Noticed the Enchantress
 25494 | Depths:1 | Reached XP level 16. HP: 116/155 MP: 15/15
 25502 | Depths:1 | HP: 4/155 [spriggan air mage/the air[the Enchantress] (20)]
 25502 | Depths:1 | HP: 1/155 [spriggan defender/rapier of electrocution[the Enchantress] (3)]
 25502 | Depths:1 | Killed from afar by a spriggan air mage

Skill      XL: |  1  2  3  4  5  6  7  8  9 10 11 12 13 14 15 |
---------------+----------------------------------------------+-----
Fighting       | 4 5 6 8 9 10 12 13 15 17 | 17.0
Long Blades    | 4 5 6 7 8 9 11 12 14 17 18 20 21 | 21.5
Armour         | 3 4 6 8 10 12 13 14 15 16 | 16.7
Stealth        | 1 |  1.5
Dodging        | 3 |  3.6
Unarmed Combat | 1 |  1.1
Throwing       | 1 2 3 |  3.6

Action                   |  1- 3 |  4- 6 |  7- 9 | 10-12 | 13-15 | 16-18 || total
-------------------------+-------+-------+-------+-------+-------+-------++-------
Melee: Falchion          |    60 |   272 |   390 |   123 |       |       ||   845
       Headbutt          |    13 |    37 |    87 |   116 |   278 |     2 ||   533
       Unarmed           |       |       |    12 |       |       |       ||    12
       Punch             |       |       |     1 |     1 |       |       ||     2
       Triple sword      |       |       |       |   220 |       |       ||   220
       Great sword       |       |       |       |   169 |  1019 |     2 ||  1190
Throw: Tomahawk          |       |       |    17 |    16 |     6 |       ||    39
Invok: Berserk           |       |     3 |     2 |    15 |    13 |       ||    33
       Burn Spellbooks   |       |       |     2 |     3 |     3 |       ||     8
       Brothers in Arms  |       |       |       |     2 |    27 |       ||    29
Evoke: Wand              |       |       |       |     1 |       |       ||     1
  Use: Scroll            |       |     3 |     1 |    23 |    22 |     1 ||    50
       Potion            |       |       |       |     8 |       |     2 ||    10
 Stab: Sleeping          |     1 |     2 |       |       |       |       ||     3
       Distracted        |       |       |       |       |     2 |       ||     2
       Petrified         |       |       |       |       |     1 |       ||     1
  Eat: Chunk             |     1 |     8 |     9 |    20 |    48 |       ||    86
       Ration            |       |     1 |     3 |     6 |     1 |       ||    11
Armor: Animal skin       |     4 |       |       |       |       |       ||     4
       Leather armour    |     3 |     7 |       |       |       |       ||    10
       Ring mail         |       |    11 |       |       |       |       ||    11
       Chain mail        |       |   100 |    46 |       |       |       ||   146
       Skin              |       |       |     3 |       |       |       ||     3
       Plate armour      |       |       |   183 |   341 |   648 |    17 ||  1189
Dodge: Dodged            |    49 |   131 |   182 |   241 |   388 |    10 ||  1001
Block: Other             |       |       |       |    44 |   110 |       ||   154
       Reflection        |       |       |       |       |     5 |       ||     5
       Rpst.: Falchion   |    12 |    41 |    33 |    17 |       |       ||   103
       Triple sword      |       |       |       |    28 |       |       ||    28
       Great sword       |       |       |       |     8 |    86 |       ||    94
